 Dungeon Crawl Stone Soup version 0.21.1-1-g345015f (webtiles) character file.

30 inc the Conjurer (level 3, 14/14 HPs)
             Began as a Felid Wizard on Feb 22, 2018.
             Was an Initiate of Vehumet.
             Quit the game on level 2 of the Dungeon.
             The game lasted 00:03:22 (1769 turns).

inc the Conjurer (Felid Wizard)                     Turns: 1769, Time: 00:03:23

Health: 14/14      AC:  1    Str:  3    XL:     3   Next: 3%
Magic:  7/8        EV: 17    Int: 20    God:    Vehumet [......]
Gold:   56         SH:  0    Dex: 14    Spells: 2/8 levels left
                                        Lives:  0   Deaths: 1

rFire    . . .     SeeInvis +   (weapon unavailable)
rCold    . . .     Gourm    .   (shield unavailable)
rNeg     . . .     Faith    .   (armour unavailable)
rPois    .         Spirit   .   (helmet unavailable)
rElec    .         Reflect  .   (cloak unavailable)
rCorr    .         Harm     .   (gloves unavailable)
MR       .....                  (boots unavailable)
Stlth    +++.......             (no amulet)
HPRegen  0.04/turn              (no ring)
MPRegen  0.11/turn              (no ring)

@: quick
A: very small, no armour, no weapons or thrown items, stealth, claws 1, fangs 3,
see invisible, carnivore, speed 1, shaggy fur 1, slow metabolism 1, sharp paws
a: Renounce Religion


You were on level 2 of the Dungeon.
You worshipped Vehumet.
Vehumet was noncommittal.
You were not hungry.

You visited 1 branch of the dungeon, and saw 2 of its levels.

You collected 56 gold pieces.

Inventory:

Jewellery
 c - a +3 ring of protection {unknown}
Scrolls
 d - a scroll of amnesia {unknown}
Books
 a - a book of Minor Magic

   Spells                             Type                      Level
   a - Magic Dart                     Conjuration                  1
   b - Blink                          Translocation                2
   c - Call Imp                       Summoning                    2
   d - Slow                           Hexes                        2
   e - Conjure Flame                  Conjuration/Fire             3
   f - Mephitic Cloud                 Conjuration/Poison/Air       3
Comestibles
 b - 3 rations


   Skills:
 - Level 2.6 Dodging
 - Level 2.6 Stealth
 - Level 3.0 Spellcasting
 + Level 3.2 Conjurations
 + Level 1.9 Summonings
   Level 1.5 Translocations


You had 2 spell levels left.
You knew the following spells:

 Your Spells              Type           Power        Failure   Level  Hunger
a - Magic Dart            Conj           ###.         3%          1    None
b - Call Imp              Summ           ##......     10%         2    ##.....
c - Mephitic Cloud        Conj/Pois/Air  #.......     28%         3    ###....


Dungeon Overview and Level Annotations

Branches:
Dungeon (2/15)

Altars:
Hepliaklqana
Vehumet
Wu Jian
Zin

Annotations:
D:2 Natasha


Innate Abilities, Weirdness & Mutations

You cannot wear armour.
You are incapable of wielding weapons or throwing items.
Your paws allow you to move quietly. (Stealth)
You have sharp claws.
You have razor-sharp teeth.
You have supernaturally acute eyesight. (SInv)
You are carnivorous and can eat meat at any time.
You cover ground quickly.
You are covered in fur. (AC +1)
You have a slow metabolism.
Your sharp claws are effective at attacking unaware monsters.


Message History

Confirm with . or Enter, or press ? or * to list all spells.
You can't see any susceptible monsters within range! (Use Z to cast anyway.) Unknown command.
(D) Dungeon
Where to? (Enter - D:3, ? - help)
The frilled lizard is too close now for your liking.
Casting: Magic Dart
Confirm with . or Enter, or press ? or * to list all spells.
Aiming: Magic Dart
Press: ? - help, Shift-Dir - straight line, f/p - frilled lizard
Aim: a frilled lizard (heavily wounded)
The magic dart hits the frilled lizard.
You kill the frilled lizard!
Vehumet accepts your kill.
Casting: Magic Dart
Confirm with . or Enter, or press ? or * to list all spells.
You can't see any susceptible monsters within range! (Use Z to cast anyway.)
There is a stone staircase leading up here.
You now have 56 gold pieces (gained 7).
Are you sure you want to abandon this character and quit the game? (Confirm with "yes".)

#.# #.##.##**,**#.#.#.# # #.#
#.....,,,,,,..#.#.# # ## #.#
#.##.#***,*##.#.#.# #
.#####.######.##.####.###.#.#.# #
)...................>.....#...# #
.#####.######.##.####.###.#.#.###
.# #[# #...<#*,,,,,,,.......
######'##***#.##.#######*,#.#.###
#≈##....#*,*#.##@.......,,*,*,*
._##....#*,*#.##.#######*,*,#,*
####....#*,*#.#### ******.#.#.###
...#....#*,*#.#*****,,,,,........
...#....#*,,...,,,,,*****,*.#.#††
...#†...#*,,,,*****,* *,*,*,#h#
...#....#****,* *,* *,*,*,#.*
...###'## *,* *,* *,,,,,..* '###
#.# *,* *,* ***,*##.*


There were no monsters in sight!

Vanquished Creatures
  4 adders (D:2)
  A dart slug (D:2)
  2 leopard geckos (D:2)
  A ball python (D:2)
  4 bats (D:2)
  A giant cockroach (D:2)
  3 hobgoblins (D:2)
  4 jackals (D:2)
  A kobold (D:2)
  2 quokkas (D:2)
  5 frilled lizards (D:2)
  3 rats (D:2)
31 creatures vanquished.

Notes
Turn   | Place    | Note
-------+----------+-------------------------------------------
     0 | D:1      | inc the Felid Wizard began the quest for the Orb.
     0 | D:1      | Reached XP level 1. HP: 7/7 MP: 5/5
   365 | D:2      | Reached skill level 1 in Conjurations
   481 | D:2      | Found an ornate altar of the Wu Jian Council.
   491 | D:2      | Reached XP level 2. HP: 9/11 MP: 0/7
   958 | D:2      | Reached XP level 3. HP: 13/14 MP: 0/8
   963 | D:2      | Learned a level 2 spell: Call Imp
   967 | D:2      | Learned a level 3 spell: Mephitic Cloud
   972 | D:2      | Found a hazy altar of Hepliaklqana.
   972 | D:2      | Found a glowing silver altar of Zin.
  1103 | D:2      | Found a radiant altar of Vehumet.
  1141 | D:2      | Became a worshipper of Vehumet
  1383 | D:2      | Reached XP level 4. HP: 18/18 MP: 1/9
  1588 | D:2      | Noticed Natasha
  1598 | D:2      | Slain by Natasha
  1599 | D:2      | Reached XP level 3. HP: -5/14 MP: 0/8
  1769 | D:2      | Quit the game

Skill      XL: |  1  2  3 |
---------------+----------+-----
Conjurations   | 1 2 3 |  3.2
Dodging        | |  2.6
Stealth        | |  2.6
Spellcasting   | |  3.0
Summonings     | |  1.9
Translocations | |  1.5

Action                   |  1- 3 |  4- 6 || total
-------------------------+-------+-------++-------
Melee: Unarmed           |    10 |     3 ||    13
       Bite              |       |     1 ||     1
 Cast: Magic Dart        |    70 |     8 ||    78
       Mephitic Cloud    |       |     1 ||     1
  Use: Scroll            |     1 |       ||     1
  Eat: Chunk             |     7 |       ||     7
Armor: Skin              |     2 |       ||     2
Dodge: Dodged            |    18 |     3 ||    21
